3000 views
Uploaded 2019-12-01 21:22:00
Game version 1.32.0.3 / 1.32.0.3.1
52:02 long 1on1 ladder game on (4)TurtleRock
Saved by BEARAND
3000 views
Uploaded 2019-12-01 21:22:00
Game version 1.32.0.3 / 1.32.0.3.1
52:02 long 1on1 ladder game on (4)TurtleRock

97 units @ 14.6k
/ 2.9k
18 buildings @ 3.6k
/ 1.6k



| Scroll of Town Portal | 1 | 350 |
| Scroll of Healing | 1 | 250 |
| total: | 2 | 600g |
| Wisp | 39 | 2340 | / | 0 |
| Archer | 11 | 1430 | / | 110 |
| Huntress | 4 | 780 | / | 80 |
| Dryad | 2 | 290 | / | 120 |
| Druid of the Claw | 7 | 1785 | / | 560 |
| Glaive Thrower | 21 | 4410 | / | 1365 |
| Chimaera | 9 | 2970 | / | 630 |
| Hippogryph | 4 | 640 | / | 80 |
| total: | 97 | 14645g | / | 2945w |
| Altar of Elders | 1 | 180 | / | 50 |
| Moon Well | 8 | 1440 | / | 320 |
| Ancient of War | 2 | 300 | / | 120 |
| Hunter's Hall | 1 | 210 | / | 100 |
| Tree of Life | 3 | 1020 | / | 555 |
| Ancient of Lore | 1 | 155 | / | 145 |
| Ancient of Wind | 1 | 150 | / | 140 |
| Chimaera Roost | 1 | 140 | / | 190 |
| Tree of Ages | 1 | 320 | / | 180 |
| Tree of Eternity | 1 | 330 | / | 200 |
| total: | 18 | 3595g | / | 1620w |
| 0:02 | Wisp |
| 0:06 | Altar of Elders |
| 0:11 | Wisp |
| 0:19 | Moon Well |
| 0:34 | Ancient of War |
| 0:41 | Wisp |
| 0:53 | Wisp |
| 1:05 | Wisp |
| 1:17 | Wisp |
| 1:17 | Wisp |
| 1:19 | Wisp |
| 1:20 | Wisp |
| 1:37 | Archer |
| 1:43 | Wisp |
| 1:44 | Wisp |
| 2:50 | Tree of Ages |
| 3:01 | Moon Well |
| 3:17 | Entangling Roots |
| 3:20 | Hunter's Hall |
| 3:49 | Moon Well |
| 4:37 | Huntress |
| 4:47 | Archer |
| 4:48 | Archer |
| 4:48 | Archer |
| 4:56 | Ultravision |
| 5:19 | Black Arrow |
| 5:23 | Huntress |
| 5:25 | Ancient of Lore |
| 5:27 | Wisp |
| 5:28 | Wisp |
| 6:14 | Huntress |
| 6:14 | Huntress |
| 6:25 | Tree of Eternity |
| 6:28 | Moon Well |
| 7:10 | Dryad |
| 7:14 | Moon Well |
| 7:44 | Moon Glaive |
| 7:44 | Dryad |
| 8:11 | Druid of the Claw |
| 8:27 | Glaive Thrower |
| 8:55 | Thorns Aura |
| 8:55 | Thorns Aura |
| 9:12 | Druid of the Claw Adept Training |
| 9:33 | Glaive Thrower |
| 9:52 | Druid of the Claw Master Training |
| 10:08 | Glaive Thrower |
| 10:17 | Ancient of War |
| 10:19 | Wisp |
| 10:19 | Wisp |
| 10:19 | Wisp |
| 10:38 | Druid of the Claw |
| 10:54 | Moon Well |
| 10:54 | Moon Well |
| 11:20 | Glaive Thrower |
| 12:00 | Ancient of Wind |
| 12:41 | Glaive Thrower |
| 12:54 | Vorpal Blades |
| 12:57 | Life Drain |
| 13:31 | Chimaera Roost |
| 13:49 | Entangling Roots |
| 14:19 | Moon Well |
| 14:27 | Strength of the Moon |
| 15:13 | Trueshot Aura |
| 15:13 | Trueshot Aura |
| 15:25 | Chimaera |
| 15:46 | Black Arrow |
| 16:50 | Glaive Thrower |
| 16:56 | Corrosive Breath |
| 18:39 | Glaive Thrower |
| 18:41 | Chimaera |
| 20:06 | Glaive Thrower |
| 20:08 | Chimaera |
| 21:01 | Tree of Life |
| 24:17 | Glaive Thrower |
| 24:59 | Glaive Thrower |
| 25:26 | Wisp |
| 25:26 | Wisp |
| 25:51 | Druid of the Claw |
| 26:14 | Tree of Life |
| 26:56 | Hippogryph |
| 26:56 | Hippogryph |
| 26:57 | Hippogryph |
| 26:57 | Hippogryph |
| 27:11 | Archer |
| 28:17 | Glaive Thrower |
| 28:26 | Wisp |
| 28:26 | Wisp |
| 28:26 | Wisp |
| 28:26 | Wisp |
| 29:36 | Searing Arrows |
| 30:11 | Druid of the Claw |
| 30:12 | Chimaera |
| 30:14 | Archer |
| 31:17 | Archer |
| 31:20 | Chimaera |
| 32:12 | Druid of the Claw |
| 32:24 | Glaive Thrower |
| 32:41 | Glaive Thrower |
| 33:10 | Glaive Thrower |
| 36:38 | Glaive Thrower |
| 36:41 | Druid of the Claw |
| 36:41 | Druid of the Claw |
| 36:43 | Chimaera |
| 36:44 | Chimaera |
| 38:03 | Improved Strength of the Moon |
| 38:05 | Glaive Thrower |
| 38:35 | Scroll of Town Portal |
| 38:39 | Scroll of Healing |
| 39:17 | Wisp |
| 39:17 | Wisp |
| 39:17 | Wisp |
| 39:40 | Advanced Strength of the Moon |
| 39:47 | Glaive Thrower |
| 40:51 | Wisp |
| 40:51 | Wisp |
| 40:52 | Wisp |
| 40:52 | Wisp |
| 41:54 | Glaive Thrower |
| 43:24 | Glaive Thrower |
| 44:45 | Glaive Thrower |
| 45:05 | Archer |
| 45:05 | Archer |
| 45:05 | Archer |
| 45:27 | Wisp |
| 45:27 | Wisp |
| 45:28 | Wisp |
| 45:28 | Wisp |
| 45:28 | Wisp |
| 46:21 | Chimaera |
| 46:21 | Chimaera |
| 47:43 | Glaive Thrower |
| 47:47 | Wisp |
| 47:47 | Wisp |
| 47:47 | Wisp |
| 49:30 | Tree of Life |
| 49:46 | Archer |
| 50:24 | Wisp |
| 50:24 | Wisp |
| Select group | 6308 |
| Right click | 4678 |
| Select | 2489 |
| Misc. action | 490 |
| Build/train/purchase | 176 |
| Assign group | 98 |
| Use ability | 71 |
| Chat | 7 |
| Esc | 6 |
| Remove unit | 2 |
22 units @ 2.7k
/ 0.3k
179 buildings @ 8k
/ 4.7k



x1)
| Potion of Healing | 1 | 150 |
| Staff of Sanctuary | 3 | 750 |
| Boots of Speed | 3 | 750 |
| Staff of Teleportation | 4 | 600 |
| Tome of Retraining | 1 | 300 |
| Periapt of Vitality | 1 | 325 |
| total: | 13 | 2875g |
| Peasant | 15 | 1125 | / | 0 |
| Priest | 2 | 270 | / | 20 |
| Sorceress | 1 | 155 | / | 20 |
| Gryphon Rider | 4 | 1120 | / | 280 |
| total: | 22 | 2670g | / | 320w |
| Scout Tower | 160 | 4800 | / | 3200 |
| Arcane Tower | 15 | 1050 | / | 750 |
| Guard Tower | 77 | 5390 | / | 3850 |
| Altar of Kings | 1 | 180 | / | 50 |
| Farm | 7 | 560 | / | 140 |
| Lumber Mill | 2 | 240 | / | 0 |
| Arcane Vault | 1 | 130 | / | 30 |
| Blacksmith | 1 | 140 | / | 60 |
| Barracks | 1 | 160 | / | 60 |
| Town Hall | 4 | 1540 | / | 820 |
| Arcane Sanctum | 1 | 150 | / | 140 |
| Gryphon Aviary | 1 | 140 | / | 150 |
| Keep | 1 | 320 | / | 210 |
| Castle | 1 | 360 | / | 210 |
| total: | 179 | 8040g | / | 4650w |
| 0:16 | Peasant |
| 0:17 | Peasant |
| 0:23 | Altar of Kings |
| 0:33 | Farm |
| 0:36 | Peasant |
| 0:55 | Farm |
| 0:58 | Peasant |
| 0:59 | Peasant |
| 1:04 | Lumber Mill |
| 1:09 | Scout Tower |
| 1:24 | Peasant |
| 1:31 | Arcane Vault |
| 1:36 | Peasant |
| 1:48 | Peasant |
| 1:52 | Peasant |
| 2:01 | Peasant |
| 2:15 | Arcane Tower |
| 2:25 | Summon Water Elemental |
| 2:38 | Peasant |
| 2:55 | Scout Tower |
| 2:56 | Scout Tower |
| 2:57 | Scout Tower |
| 3:23 | Keep |
| 3:47 | Guard Tower |
| 3:49 | Scout Tower |
| 3:50 | Guard Tower |
| 3:56 | Improved Masonry |
| 3:59 | Brilliance Aura |
| 4:29 | Guard Tower |
| 4:41 | Farm |
| 4:42 | Scout Tower |
| 4:43 | Guard Tower |
| 4:52 | Scout Tower |
| 4:53 | Scout Tower |
| 4:53 | Scout Tower |
| 5:11 | Boots of Speed |
| 5:11 | Staff of Teleportation |
| 5:49 | Arcane Sanctum |
| 5:51 | Advanced Masonry |
| 5:56 | Guard Tower |
| 6:08 | Potion of Healing |
| 6:18 | Guard Tower |
| 6:23 | Peasant |
| 6:26 | Peasant |
| 6:40 | Guard Tower |
| 6:42 | Scout Tower |
| 6:44 | Storm Bolt |
| 7:02 | Farm |
| 7:03 | Farm |
| 7:14 | Magic Sentry |
| 7:15 | Priest |
| 7:43 | Boots of Speed |
| 7:45 | Staff of Teleportation |
| 7:46 | Staff of Teleportation |
| 8:01 | Guard Tower |
| 8:23 | Scout Tower |
| 8:24 | Scout Tower |
| 8:25 | Scout Tower |
| 8:35 | Castle |
| 9:01 | Guard Tower |
| 9:24 | Guard Tower |
| 9:50 | Guard Tower |
| 9:51 | Scout Tower |
| 10:04 | Sorceress |
| 10:04 | Sorceress Adept Training |
| 10:19 | Guard Tower |
| 10:30 | Tome of Retraining |
| 10:30 | Retrain Hero |
| 10:31 | Blizzard |
| 10:31 | Brilliance Aura |
| 10:45 | Scout Tower |
| 10:53 | Gryphon Aviary |
| 10:53 | Blacksmith |
| 11:14 | Guard Tower |
| 11:22 | Staff of Sanctuary |
| 11:28 | Blizzard |
| 11:49 | Imbued Masonry |
| 11:56 | Scout Tower |
| 11:57 | Scout Tower |
| 11:58 | Scout Tower |
| 12:02 | Bash |
| 12:13 | Barracks |
| 12:35 | Guard Tower |
| 12:49 | Scout Tower |
| 12:50 | Scout Tower |
| 12:50 | Scout Tower |
| 12:54 | Guard Tower |
| 12:58 | Gryphon Rider |
| 13:05 | Storm Hammers |
| 13:33 | Farm |
| 13:33 | Farm |
| 13:46 | Gryphon Rider |
| 14:25 | Holy Light |
| 14:32 | Staff of Sanctuary |
| 14:39 | Gryphon Rider |
| 14:54 | Guard Tower |
| 15:05 | Animal War Training |
| 16:32 | Town Hall |
| 16:39 | Scout Tower |
| 16:40 | Scout Tower |
| 16:40 | Scout Tower |
| 16:46 | Scout Tower |
| 16:46 | Scout Tower |
| 16:48 | Scout Tower |
| 16:48 | Scout Tower |
| 16:49 | Scout Tower |
| 16:49 | Scout Tower |
| 16:50 | Scout Tower |
| 16:50 | Scout Tower |
| 16:51 | Scout Tower |
| 16:52 | Scout Tower |
| 16:52 | Scout Tower |
| 16:53 | Scout Tower |
| 16:55 | Scout Tower |
| 16:55 | Scout Tower |
| 16:56 | Scout Tower |
| 16:57 | Scout Tower |
| 16:58 | Scout Tower |
| 16:59 | Scout Tower |
| 16:59 | Scout Tower |
| 16:59 | Scout Tower |
| 17:00 | Scout Tower |
| 17:00 | Scout Tower |
| 17:02 | Scout Tower |
| 17:03 | Scout Tower |
| 17:03 | Scout Tower |
| 17:03 | Scout Tower |
| 17:19 | Staff of Sanctuary |
| 17:23 | Guard Tower |
| 17:24 | Guard Tower |
| 17:29 | Scout Tower |
| 17:29 | Scout Tower |
| 17:30 | Guard Tower |
| 17:33 | Improved Lumber Harvesting |
| 17:59 | Guard Tower |
| 18:07 | Guard Tower |
| 18:40 | Peasant |
| 19:25 | Guard Tower |
| 19:32 | Arcane Tower |
| 19:35 | Guard Tower |
| 19:52 | Guard Tower |
| 20:19 | Guard Tower |
| 20:24 | Guard Tower |
| 20:39 | Divine Shield |
| 20:44 | Guard Tower |
| 20:45 | Guard Tower |
| 21:00 | Gryphon Rider |
| 21:27 | Priest |
| 21:28 | Backpack |
| 21:35 | Cloud |
| 21:38 | Iron Forged Swords |
| 21:52 | Advanced Lumber Harvesting |
| 22:06 | Scout Tower |
| 22:07 | Scout Tower |
| 22:08 | Scout Tower |
| 22:08 | Scout Tower |
| 22:09 | Scout Tower |
| 22:10 | Scout Tower |
| 22:10 | Scout Tower |
| 22:11 | Scout Tower |
| 22:11 | Scout Tower |
| 22:12 | Scout Tower |
| 23:22 | Storm Bolt |
| 24:01 | Guard Tower |
| 24:31 | Brilliance Aura |
| 25:19 | Guard Tower |
| 25:37 | Steel Forged Swords |
| 26:19 | Scout Tower |
| 26:19 | Scout Tower |
| 26:20 | Scout Tower |
| 26:20 | Scout Tower |
| 26:21 | Scout Tower |
| 26:21 | Scout Tower |
| 26:22 | Scout Tower |
| 26:22 | Scout Tower |
| 26:23 | Scout Tower |
| 26:24 | Scout Tower |
| 26:25 | Scout Tower |
| 26:25 | Scout Tower |
| 26:26 | Scout Tower |
| 26:26 | Scout Tower |
| 26:27 | Scout Tower |
| 26:27 | Scout Tower |
| 26:54 | Guard Tower |
| 26:55 | Arcane Tower |
| 26:56 | Arcane Tower |
| 27:00 | Guard Tower |
| 27:02 | Scout Tower |
| 27:03 | Scout Tower |
| 27:03 | Scout Tower |
| 27:04 | Scout Tower |
| 27:04 | Scout Tower |
| 27:04 | Scout Tower |
| 27:11 | Mithril Forged Swords |
| 27:17 | Guard Tower |
| 27:25 | Scout Tower |
| 27:25 | Scout Tower |
| 27:35 | Guard Tower |
| 27:38 | Arcane Tower |
| 27:40 | Scout Tower |
| 27:41 | Scout Tower |
| 27:41 | Scout Tower |
| 27:42 | Scout Tower |
| 27:42 | Scout Tower |
| 27:42 | Scout Tower |
| 28:08 | Guard Tower |
| 28:11 | Scout Tower |
| 28:11 | Scout Tower |
| 28:12 | Scout Tower |
| 28:12 | Scout Tower |
| 28:13 | Scout Tower |
| 28:13 | Scout Tower |
| 28:13 | Scout Tower |
| 28:14 | Scout Tower |
| 28:15 | Guard Tower |
| 29:24 | Holy Light |
| 29:36 | Guard Tower |
| 29:37 | Guard Tower |
| 29:39 | Arcane Tower |
| 29:39 | Guard Tower |
| 29:40 | Guard Tower |
| 30:06 | Arcane Tower |
| 30:06 | Arcane Tower |
| 30:16 | Guard Tower |
| 30:34 | Guard Tower |
| 30:57 | Guard Tower |
| 31:01 | Lumber Mill |
| 32:00 | Scout Tower |
| 32:27 | Bash |
| 32:29 | Guard Tower |
| 32:46 | Town Hall |
| 32:51 | Priest Adept Training |
| 33:08 | Guard Tower |
| 33:58 | Boots of Speed |
| 33:58 | Staff of Teleportation |
| 34:14 | Guard Tower |
| 35:50 | Blizzard |
| 36:21 | Peasant |
| 38:23 | Divine Shield |
| 38:33 | Periapt of Vitality |
| 40:02 | Scout Tower |
| 40:03 | Scout Tower |
| 40:03 | Scout Tower |
| 40:04 | Scout Tower |
| 40:04 | Scout Tower |
| 40:05 | Scout Tower |
| 40:05 | Scout Tower |
| 40:06 | Scout Tower |
| 40:06 | Scout Tower |
| 40:06 | Scout Tower |
| 40:10 | Town Hall |
| 40:12 | Scout Tower |
| 40:12 | Scout Tower |
| 40:12 | Scout Tower |
| 40:13 | Scout Tower |
| 40:13 | Scout Tower |
| 40:14 | Scout Tower |
| 40:14 | Scout Tower |
| 40:14 | Scout Tower |
| 40:15 | Scout Tower |
| 40:15 | Scout Tower |
| 40:16 | Scout Tower |
| 40:16 | Scout Tower |
| 40:54 | Guard Tower |
| 41:18 | Guard Tower |
| 41:18 | Guard Tower |
| 41:50 | Guard Tower |
| 42:01 | Guard Tower |
| 43:22 | Arcane Tower |
| 43:22 | Guard Tower |
| 43:45 | Guard Tower |
| 44:26 | Storm Bolt |
| 44:49 | Guard Tower |
| 45:35 | Arcane Tower |
| 45:35 | Guard Tower |
| 45:36 | Scout Tower |
| 45:37 | Scout Tower |
| 45:37 | Scout Tower |
| 45:41 | Scout Tower |
| 45:42 | Scout Tower |
| 45:42 | Scout Tower |
| 45:43 | Scout Tower |
| 45:46 | Scout Tower |
| 46:39 | Guard Tower |
| 47:46 | Scout Tower |
| 47:47 | Scout Tower |
| 47:47 | Scout Tower |
| 47:47 | Scout Tower |
| 47:48 | Scout Tower |
| 47:49 | Scout Tower |
| 47:49 | Scout Tower |
| 47:50 | Scout Tower |
| 47:50 | Scout Tower |
| 47:51 | Scout Tower |
| 47:51 | Scout Tower |
| 47:52 | Scout Tower |
| 47:52 | Scout Tower |
| 47:52 | Scout Tower |
| 47:53 | Scout Tower |
| 47:53 | Scout Tower |
| 47:55 | Town Hall |
| 48:20 | Guard Tower |
| 48:38 | Guard Tower |
| 48:40 | Guard Tower |
| 48:57 | Guard Tower |
| 49:00 | Scout Tower |
| 49:12 | Guard Tower |
| 49:15 | Scout Tower |
| 49:15 | Scout Tower |
| 49:16 | Scout Tower |
| 49:17 | Scout Tower |
| 49:27 | Arcane Tower |
| 49:44 | Scout Tower |
| 50:05 | Arcane Tower |
| 50:06 | Scout Tower |
| 50:06 | Scout Tower |
| 50:06 | Scout Tower |
| 50:07 | Scout Tower |
| 50:07 | Scout Tower |
| 50:07 | Scout Tower |
| 50:08 | Scout Tower |
| 50:29 | Guard Tower |
| 50:34 | Arcane Tower |
| 50:34 | Guard Tower |
| 50:34 | Guard Tower |
| 50:48 | Arcane Tower |
| 51:23 | Guard Tower |
| 51:53 | Mass Teleport |
| Right click | 4775 |
| Select | 1167 |
| Select group | 1003 |
| Build/train/purchase | 379 |
| Use ability | 254 |
| Chat | 122 |
| Assign group | 36 |
| Item give/drop | 11 |
| Remove unit | 4 |
| Misc. action | 3 |
โ